 Dungeon Crawl Stone Soup version 0.25.1-3-ge44b62a0b3 (webtiles) character file.

Game seed: 4632468247324057348

143 Glamhuggeren the Cutter (level 5, -2/41 HPs)
             Began as a Demonspawn Gladiator on Nov 23, 2020.
             Was a Follower of Kikubaaqudgha.
             Slain by a water moccasin zombie (5 damage)
             ... on level 3 of the Dungeon.
             The game lasted 00:05:32 (2052 turns).

Glamhuggeren the Cutter (Demonspawn Gladiator)      Turns: 2052, Time: 00:05:33

Health: -2/41      AC:  4    Str: 15    XL:     5   Next: 4%
Magic:  5/5        EV: 13    Int: 10    God:    Kikubaaqudgha [*.....]
Gold:   65         SH:  0    Dex: 14    Spells: 4/4 levels left

rFire    . . .     SeeInvis .   a - +0 rapier
rCold    + . .     Gourm    .   (no shield)
rNeg     . . .     Faith    .   b - +0 leather armour
rPois    .         Spirit   .   c - +0 helmet
rElec    .         Reflect  .   (no cloak)
rCorr    .         Harm     .   (no gloves)
MR       .....                  (no boots)
Stlth    +.........             (no amulet)
HPRegen  0.13/turn              (no ring)
MPRegen  0.09/turn              (no ring)

@: lethally poisoned (-2 -> -6)
A: cold resistance 1, freezing cloud immunity, sturdy frame 2
a: Receive Corpses, Renounce Religion


You were on level 3 of the Dungeon.
You worshipped Kikubaaqudgha.
Kikubaaqudgha was aware of your devotion.
You were not hungry.

You visited 1 branch of the dungeon, and saw 3 of its levels.

You collected 65 gold pieces.

Inventory:

Hand Weapons
 a - a +0 rapier (weapon)
 j - a +0 hunting sling
Missiles
 d - 2 throwing nets (quivered)
 g - 108 stones
 h - 43 sling bullets
 l - 19 poisoned darts
Armour
 b - a +0 leather armour (worn)
 c - a +0 helmet (worn)
 q - a +0 buckler
Scrolls
 e - a scroll of noise {unknown}
 k - 7 scrolls of immolation {unknown}
 n - a scroll of enchant weapon {unknown}
 o - a scroll of enchant armour {unknown}
 p - 3 scrolls of amnesia {unknown}
Potions
 i - a potion of berserk rage {unknown}
Comestibles
 f - 3 rations
 m - a chunk of flesh


   Skills:
 + Level 3.2 Fighting
 * Level 4.3 Short Blades
 - Level 2.0 Throwing
 - Level 3.0 Dodging


You had 4 spell levels left.
You didn't know any spells.
Your spell library was empty.

Dungeon Overview and Level Annotations

Branches:
Dungeon (3/15)

Altars:
Kikubaaqudgha


Innate Abilities, Weirdness & Mutations

Your flesh is cold resistant. (rC+)
You are immune to freezing clouds.
Your movements are less encumbered by armour. (ER -4)


Message History

You closely miss the adder. The bat hits you but does no damage.
The adder bites you. x2; The water moccasin zombie bites you.
You puncture the adder!
The adder is severely wounded.
The bat completely misses you. The adder barely misses you.
The adder misses you. The water moccasin zombie bites you.
* * * LOW HITPOINT WARNING * * *
You puncture the adder!
You kill the adder!
Kikubaaqudgha accepts your kill.
You have reached level 5!
Your demonic ancestry asserts itself...
You feel less encumbered by your armour.
The adder bites you.
* * * LOW HITPOINT WARNING * * *
You are lethally poisoned!
The adder poisons you! The bat barely misses you.
The water moccasin zombie bites you.
You die...
Kikubaaqudgha rasps: "You have failed me!
Welcome... death!"

##.....##.####
..≈....≈≈...≈..#
....≈.≈.≈.≈...≈#
#.≈≈≈≈≈≈≈≈≈≈≈.#
#.≈≈≈≈≈≈≈≈≈≈..#
#.≈≈≈≈≈≈≈≈≈≈≈≈#
##+#.≈≈≈≈♣≈≈≈≈≈..#
##...≈≈≈≈gS@♣≈≈≈.≈
##.....≈≈≈≈b.Z≈≈≈≈..
##..$....≈≈≈≈≈≈≈≈≈≈≈.
#........≈≈≈≈≈≈≈≈≈...
+.......≈≈≈≈≈≈≈≈≈≈≈..
#..............≈$≈...
##.....≈≈≈......≈...#
##.....##.##.....###
##...###.# ###..#


You could see an adder, a water moccasin zombie, a hobgoblin and a bat.

Vanquished Creatures
  2 orc wizards (D:3)
  2 adders
  A gnoll (D:1)
  2 worms (D:2)
  2 dart slugs
  2 leopard geckos
  2 orcs (D:3)
  4 giant cockroaches (D:1)
  4 goblins
  6 hobgoblins
  A jackal (D:2)
  3 ball pythons (D:2)
  5 bats
  A frilled lizard (D:1)
  5 kobolds
  10 rats
52 creatures vanquished.

Notes
Turn   | Place    | Note
-------+----------+-------------------------------------------
     0 | D:1      | Glamhuggeren the Demonspawn Gladiator began the quest for
                  | the Orb.
     0 | D:1      | Reached XP level 1. HP: 16/16 MP: 1/1
   138 | D:1      | Gained mutation: Your movements are slightly less
                  | encumbered by armour. (ER -2) [demonic ancestry]
   138 | D:1      | Reached XP level 2. HP: 17/22 MP: 2/2
   210 | D:1      | Reached skill level 3 in Short Blades
   503 | D:1      | Gained mutation: Your flesh is cold resistant. (rC+)
                  | [demonic ancestry]
   503 | D:1      | Reached XP level 3. HP: 28/28 MP: 3/3
  1481 | D:2      | Gained mutation: You are immune to freezing clouds.
                  | [demonic ancestry]
  1481 | D:2      | Reached XP level 4. HP: 18/34 MP: 4/4
  1801 | D:3      | Reached skill level 4 in Short Blades
  2031 | D:3      | Found a faded altar of an unknown god.
  2045 | D:3      | Became a worshipper of Kikubaaqudgha
  2045 | D:3      | Reached * piety under Kikubaaqudgha
  2045 | D:3      | Identified Kikubaaqudgha's Catalogue of Unholy Magic
                  | (Kikubaaqudgha gifted it to you on level 3 of the Dungeon)
  2045 | D:3      | Received a gift from Kikubaaqudgha
  2052 | D:3      | Gained mutation: Your movements are less encumbered by
                  | armour. (ER -4) [demonic ancestry]
  2052 | D:3      | Reached XP level 5. HP: 7/41 MP: 5/5
  2052 | D:3      | Slain by a water moccasin zombie

Illustrated notes

Levels and vault maps discovered:
D:1:      giann_horns, layout_rooms, corexii_corridor_pit
D:2:      layout_rooms, minmay_diced_spiral
D:3:      layout_loops_corners, kennysheep_okawaru_gauntlet,
          chequers_ecumenical_altar_island, uniq_grinder, uniq_jessica

Skill      XL: |  1  2  3  4 |
---------------+-------------+-----
Short Blades   | 3 4 |  4.3
Throwing       | 2 |  2.0
Dodging        | 3 |  3.0
Fighting       | 3 |  3.2

Action                   |  1- 3 |  4- 6 || total
-------------------------+-------+-------++-------
Melee: Rapier            |   131 |    44 ||   175
Throw: Throwing net      |     1 |     4 ||     5
       Stone             |       |     1 ||     1
 Stab: Sleeping          |     2 |       ||     2
       Held in net/web   |       |     2 ||     2
  Eat: Chunk             |     2 |     2 ||     4
Armor: Leather armour    |    34 |    21 ||    55
Dodge: Dodged            |    80 |    47 ||   127
